 Dungeon Crawl Stone Soup version 0.30.1-11-g7821555f0a (webtiles) character file.

Game seed: 2064676813783548967

140 KittyFluff the Cudgeller (level 5, -2/33 HPs)
             Began as a Gargoyle Berserker on Nov 11, 2023.
             Was a Believer of Trog.
             Slain by an orc wizard
             ... wielding a +1 dagger of venom
              (4 damage)
             ... on level 4 of the Dungeon.
             The game lasted 00:11:07 (2535 turns).

KittyFluff the Cudgeller (Gargoyle Berserker)       Turns: 2535, Time: 00:11:19

Health: -2/33      AC:  7    Str: 23    XL:     5   Next: 23%
Magic:  5/5        EV: 11    Int:  7    God:    Trog [**....]
Gold:   156        SH:  0    Dex:  9    Spells: 4/4 levels left

rFire   . . .        a - +0 mace
rCold   . . .        (no shield)
rNeg    + . .        h - +0 leather armour
rPois   ∞            (no helmet)
rElec   +            (no cloak)
rCorr   .            (no gloves)
SInv    .            (no boots)
Will    .....        (no amulet)
Stlth   +            (no ring)
HPRegen 0.25/turn    (no ring)
MPRegen 0.09/turn

%: no passive effects
@: confused
A: sickness immunity, AC +4, negative energy resistance 1, electricity
resistance, torment resistance 1, petrification resistance
a: Renounce Religion, Berserk, Trog's Hand


You were on level 4 of the Dungeon.
You worshipped Trog.
Trog was pleased with you.
You visited 1 branch of the dungeon, and saw 4 of its levels.

You collected 156 gold pieces.

Inventory:

Hand Weapons
 a - a +0 mace (weapon)
Armour
 h - a +0 leather armour (worn)
Wands
 r - a wand of roots (10)
Scrolls
 b - a scroll of brand weapon {unknown}
 k - a scroll of enchant weapon {unknown}
 l - a scroll of enchant armour {unknown}
 o - 3 scrolls of identify {unknown}
 q - a scroll of blinking {unknown}
 s - a scroll of silence {unknown}
Potions
 d - a potion of berserk rage {unknown}
 e - 2 potions of flight {unknown}
 f - a potion of degeneration {unknown}
 g - 2 potions of mutation {unknown}
 i - 2 potions of curing {unknown}
 j - a potion of lignification {unknown}
 m - 2 potions of attraction {unknown}
 n - a potion of heal wounds {unknown}
 p - a potion of haste {unknown}
 t - a potion of magic {unknown}


   Skills:
 + Level 3.7 Fighting
 * Level 4.0 Maces & Flails
 * Level 3.6 Armour
 + Level 2.1 Dodging
 + Level 1.8 Stealth


You had 4 spell levels left.
You didn't know any spells.
Your spell library was empty.

Dungeon Overview and Level Annotations

Branches:
Dungeon (4/15)
 Temple: D:4-7

Altars:


Innate Abilities, Weirdness & Mutations

You are immune to sickness and miasma.
Your stone body is resilient. (AC +4)
You are immune to poison.
You resist negative energy. (rN+)
You are resistant to electric shocks. (rElec)
You are resistant to unholy torment.
You are immune to petrification.


Message History

The phantom hits you.
You closely miss the phantom.
The phantom is moderately damaged.
The orc wizard shouts!
The orc shouts!
You hear an angry hiss.
The phantom hits you. x2
* * * LOW HITPOINT WARNING * * *
You hit the phantom.
The phantom is heavily damaged.
The phantom hits you but does no damage.
The orc hits you with a +0 hand axe.
* * * LOW HITPOINT WARNING * * *
You hit the phantom.
The phantom is severely damaged.
The hobgoblin hits you but does no damage.
The phantom misses you. The orc closely misses you.
You hit the phantom but do no damage.
The phantom is severely damaged.
The hobgoblin closely misses you. The phantom hits you.
* * * LOW HITPOINT WARNING * * *
The phantom blinks!
You blink.
The orc wizard casts a spell at you.
You are confused.
The phantom closely misses you.
The orc wizard gestures wildly while chanting.
The orc wizard flickers and vanishes!
Deactivating autopickup; reactivate with Ctrl-A.
You closely miss the phantom.
The phantom is severely damaged.
The phantom hits you but does no damage.
The adder attacks as you move away! The adder bites you.
* * * LOW HITPOINT WARNING * * *
The hobgoblin barely misses you. The phantom barely misses you.
You hit the phantom but do no damage.
The phantom is heavily damaged.
The adder bites you but does no damage. The hobgoblin hits you.
* * * LOW HITPOINT WARNING * * *
The phantom hits you.
* * * LOW HITPOINT WARNING * * *
The phantom blinks!
You blink.
Something hits you.
You die...

##....# #.... .....+
#.... ....## ##### ....#
### # ########...##....
# #............# #.# ###
#..........#.###.#####..
#..........#..##.##....#
#......@..###.##.##.####
#.....o{W......#.##.#
#......o...##....##.#
#......§g..###......#
#......§S..###....###
#..........#......#
#...?.....##.###>.#
#.........##.# ####
############.#


You could see a phantom, an adder, 2 orcs and a hobgoblin.

Vanquished Creatures
  A sleepcap (D:4)
  An iguana (D:4)
  2 adders (D:3)
  2 worms
  An orc (D:3)
  6 bats
  3 endoplasms
  2 giant cockroaches (D:3)
  2 goblins (D:3)
  4 hobgoblins
  11 jackals
  7 quokkas
  5 ball pythons
  A frilled lizard (D:2)
  6 kobolds
  7 rats
61 creatures vanquished.

Notes
Turn   | Place    | Note
-------+----------+-------------------------------------------
     0 | D:1      | KittyFluff the Gargoyle Berserker began the quest for the
                  | Orb.
     0 | D:1      | Reached XP level 1. HP: 14/14 MP: 1/1
    73 | D:1      | You fall into a shaft and drop 1 floor!
   441 | D:1      | Reached XP level 2. HP: 19/19 MP: 2/2
   516 | D:1      | Found a faded altar of an unknown god.
  1051 | D:2      | Reached XP level 3. HP: 10/23 MP: 3/3
  1333 | D:2      | Reached ** piety under Trog
  1334 | D:2      | Reached skill level 1 in Stealth
  1875 | D:3      | Reached XP level 4. HP: 24/28 MP: 4/4
  2418 | D:4      | Reached XP level 5. HP: 22/33 MP: 5/5
  2446 | D:4      | Reached skill level 4 in Maces & Flails
  2508 | D:4      | Noticed a phantom
  2535 | D:4      | Slain by an orc wizard

Illustrated notes

Levels and vault maps discovered:
D:1:      dpeg_arrival_more_subterranean_lakeside_camping, layout_loops_ring,
          chequers_ecumenical_altar_island
D:2:      layout_basic
D:3:      layout_loops_ring, patterned_corridor
D:4:      layout_basic, temple_pool_b, enter_ossuary_2

Skill      XL: |  1  2  3  4  5 |
---------------+----------------+-----
Stealth        | 1 |  1.8
Armour         | 3 |  3.6
Dodging        | 2 |  2.1
Maces & Flails | 4 |  4.0
Fighting       | |  3.7

Action                     |  1- 3 |  4- 6 || total
---------------------------+-------+-------++-------
  Melee: Mace              |   129 |   101 ||   230
         Punch             |     3 |       ||     3
    Use: Scroll            |     1 |     1 ||     2
   Stab: Sleeping          |     1 |       ||     1
 Armour: Leather armour    |    59 |    48 ||   107
  Dodge: Dodged            |    86 |    74 ||   160
